 Dungeon Crawl Stone Soup version 0.31-a0-823-ga682863bf0 (webtiles) character file.

Game seed: 2771662333805632186

11671 qw the Skirmisher (level 11, -1/76 HPs)
             Began as a Gargoyle Hunter on Sept 23, 2023.
             Was a Believer of Okawaru.
             Slain by a boulder beetle (5 damage)
             ... on level 1 of the Lair of Beasts.
             The game lasted 00:03:27 (7090 turns).

qw the Skirmisher (Gargoyle Hunter)                 Turns: 7090, Time: 00:03:28

Health: -1/76      AC: 27    Str: 18    XL:     11   Next: 81%
Magic:  14/14      EV: 21    Int: 10    God:    Okawaru [**....]
Gold:   293        SH:  0    Dex: 17    Spells: 10/10 levels left

rFire   . . .        Y - +1 shortbow (flame)
rCold   + . .        (shield currently unavailable)
rNeg    + . .        i - +2 ring mail {rC+}
rPois   inf          j - +2 helmet
rElec   +            h - +1 cloak
rCorr   +            k - +2 pair of gloves
SInv    +            (no boots)
Will    .....        (no amulet)
Stlth   +++          l - ring of see invisible
HPRegen 0.32/turn    a - ring of the Death Scarab {rCorr EV+5 Str+3 Slay+2}
MPRegen 0.14/turn

%: no passive effects
@: heroic
A: sickness immunity, AC +8, negative energy resistance 1, electricity
resistance, torment resistance 1, petrification resistance
a: Renounce Religion, Heroism


You were on level 1 of the Lair of Beasts.
You worshipped Okawaru.
Okawaru was pleased with you.
You visited 2 branches of the dungeon, and saw 9 of its levels.
You also visited: Sewer.

You collected 400 gold pieces.
You spent 107 gold pieces at shops.


Innate Abilities, Weirdness & Mutations

You are immune to sickness and miasma.
Your stone body is resilient. (AC +8)
You are immune to poison.
You resist negative energy. (rN+)
You are resistant to electric shocks. (rElec)
You are resistant to unholy torment.
You are immune to petrification.


   Skills:
 - Level 12.0(17.0) Fighting
 - Level 14.8(19.8) Ranged Weapons
 - Level 7.0(12.0) Armour
 + Level 5.0(10.0) Dodging
 - Level 1.1(6.1) Stealth
 - Level 4.0 Invocations


You had 10 spell levels left.
You didn't know any spells.
Your spell library was empty.

Inventory:

Hand Weapons
 Y - a +1 shortbow of flaming (weapon)
Armour
 h - a +1 cloak (worn)
 i - a +2 ring mail of cold resistance (worn)
 j - a +2 helmet (worn)
 k - a +2 pair of gloves (worn)
 m - +0 acid dragon scales
Jewellery
 a - the ring of the Death Scarab (right hand) {rCorr EV+5 Str+3 Slay+2}
   (You acquired it on level 4 of the Dungeon)

   [ring of evasion]

   EV+5:      It affects your evasion (+5).
   Str+3:     It affects your strength (+3).
   Slay+2:    It affects your accuracy & damage with ranged weapons and melee
   (+2).
   rCorr:     It protects you from acid and corrosion.
 d - a ring of wizardry
 l - a ring of see invisible (left hand)
 n - a +6 ring of strength
Scrolls
 f - 3 scrolls of identify
Potions
 b - 4 potions of curing
 c - 2 potions of haste
 e - a potion of mutation

Dungeon Overview and Level Annotations

Branches:
Dungeon (8/15)             Temple (0/1) D:6            Lair (1/5) D:8
  Sewer (visited)

Altars:
Elyvilon
Gozag
Hepliaklqana
Kikubaaqudgha
Okawaru
Qazlal
Ru
Trog
Wu Jian
Xom
Yredelemnul

Shops:
D:2 !!?*   D:6 (

Annotations:
D:2 1 runed translucent door, Crazy Yiuf
Lair:1 3 runed translucent doors


Message History

You shoot an arrow.
The arrow hits the boulder beetle but does no damage.
The boulder beetle is lightly wounded.
You shoot an arrow. The arrow hits the boulder beetle.
The arrow burns the boulder beetle.
The boulder beetle is lightly wounded.
The boulder beetle curls into a ball and begins rolling!
You shoot an arrow. The arrow hits the boulder beetle!
The arrow burns the boulder beetle.
The boulder beetle is moderately wounded.
You shoot an arrow.
The arrow hits the boulder beetle but does no damage.
The boulder beetle is moderately wounded.
You shoot an arrow.
The arrow hits the boulder beetle but does no damage.
The boulder beetle is moderately wounded.
You shoot an arrow.
The arrow hits the boulder beetle but does no damage.
The boulder beetle is moderately wounded.
You shoot an arrow. The arrow hits the boulder beetle!
The arrow burns the boulder beetle.
The boulder beetle is moderately wounded.
The boulder beetle hits you.
The boulder beetle stops rolling and uncurls.
You shoot an arrow. The arrow hits the boulder beetle.
The arrow burns the boulder beetle.
The boulder beetle is heavily wounded.
The boulder beetle closely misses you.
You shoot an arrow.
The arrow hits the boulder beetle but does no damage.
The boulder beetle is heavily wounded.
The boulder beetle bites you but does no damage.
You shoot an arrow. The arrow hits the boulder beetle.
The arrow burns the boulder beetle.
The boulder beetle is heavily wounded.
You shoot an arrow.
The arrow hits the boulder beetle but does no damage.
The boulder beetle is heavily wounded.
The boulder beetle bites you.
You die...

... ....... #.#.
#.## ++## #.#...
##. ..# ##....##
##.. ..# #......##
#.... ...#
#.###..P## #....
#..# #........##
##...# ##.#
#....##...## #... #
###.##.....###.#
..# ####.....B@%.#
..# ##.#####..####
..# ######..##....#
...#
####..#...YY..P.##
..##
#.Y=..YY.....##..#
......Y#..#.###..##
#..# ..... #.. ###
#### #... .[### ##
###. .##


You could see a boulder beetle.

Vanquished Creatures
  3 death yaks (Lair:1)
  Joseph (D:7)
  A black mamba (Lair:1)
  A cane toad (Lair:1)
  Maggie (D:6)
  A rime drake (D:8)
  A komodo dragon (Lair:1)
  2 polar bears (D:8)
  Prince Ribbit (D:7)
  A wyvern (Lair:1)
  4 yaks (Lair:1)
  Grum (Lair:1)
  A steam dragon (D:7)
  Menkaure (D:7)
  3 water moccasins
  3 orc warriors (D:8)
  3 sky beasts
  5 ice beasts
  4 wolves
  An ogre (D:5)
  4 kobold brigands
  5 bullfrogs
  5 wights (D:8)
  6 killer bees (D:8)
  3 howler monkeys (D:8)
  2 jellies
  A hound (D:5)
  4 orc priests (D:8)
  2 sleepcaps
  Natasha (thrice) (D:2)
  6 iguanas
  An orc wizard (D:4)
  4 gnolls (D:5)
  3 river rats (Sewer)
  9 adders
  2 shadow imps (D:7)
  A white imp (D:5)
  An ufetubus (D:4)
  5 worms
  2 dart slugs
  13 orcs
  8 ball pythons
  7 endoplasms
  7 giant cockroaches
  2 goblins
  5 hobgoblins
  4 jackals (D:4)
  15 kobolds
  4 quokkas
  6 bats
  A frilled lizard (D:3)
  6 rats
186 creatures vanquished.

Vanquished Creatures (others)
  An orc wizard (D:8)
  An orc (D:8)
2 creatures vanquished.

Grand Total: 188 creatures vanquished

Notes
Turn   | Place    | Note
-------+----------+-------------------------------------------
     0 | D:1      | qw the Gargoyle Hunter began the quest for the Orb.
     0 | D:1      | Reached XP level 1. HP: 12/12 MP: 1/1
     0 | D:1      | 0 ||| qw: Version: 0.3-a-83-gcd0e7d8
     0 | D:1      | 0 ||| qw: Game counter: 1771
     0 | D:1      | 0 ||| qw: Melee chars always use a shield: true
     0 | D:1      | 0 ||| qw: God list: Okawaru
     0 | D:1      | 0 ||| qw: Allow faded altars: false
     0 | D:1      | 0 ||| qw: Do Orc after clearing Dungeon:15 true
     0 | D:1      | 0 ||| qw: Do second Lair branch before Depths: true
     0 | D:1      | 0 ||| qw: Lair rune preference: random
     0 | D:1      | 0 ||| qw: Goals: Normal
     0 | D:1      | 0 ||| PLANNING D:1-11
   138 | D:1      | Reached XP level 2. HP: 17/17 MP: 2/2
   554 | D:1      | Reached XP level 3. HP: 21/21 MP: 3/3
   787 | D:1      | 787 ||| READING 2 scrolls labelled ZIDOK RIMUSUDD.
   791 | D:1      | 791 ||| READING 2 scrolls labelled TEX WOUTENGEA.
   792 | D:1      | 792 ||| READING scroll labelled XIDAOJ MEOSACH.
   808 | D:1      | 808 ||| READING scroll labelled XACUP QUVOI.
   809 | D:1      | 809 ||| DRINKING 2 coppery potions.
   810 | D:1      | 810 ||| DROPPING scroll of butterflies.
   827 | D:2      | Found Cask's Distillery.
   829 | D:2      | Reached skill level 5 in Ranged Weapons
   845 | D:2      | 845 ||| SHOPLISTING 2 potions of haste (280 gold, have 81).
   845 | D:2      | 845 ||| SHOPLISTING 2 potions of mutation (224 gold, have
                  | 81).
   845 | D:2      | 845 ||| BUYING potion of curing (42 gold).
   845 | D:2      | Bought a potion of curing for 42 gold pieces
   845 | D:2      | 845 ||| SHOPLISTING potion of curing (42 gold, have 39).
   845 | D:2      | 845 ||| SHOPLISTING potion of enlightenment (70 gold, have
                  | 39).
   845 | D:2      | 845 ||| SHOPLISTING potion of haste (140 gold, have 39).
   879 | D:2      | Noticed Natasha
   884 | D:2      | Killed Natasha
   885 | D:2      | Reached skill level 3 in Fighting
   885 | D:2      | Reached XP level 4. HP: 8/28 MP: 4/4
   887 | D:2      | HP: 5/28 [adder (3)]
   888 | D:2      | 888 ||| READING scroll of teleportation.
   889 | D:2      | 889 ||| DRINKING potion of heal wounds.
   908 | D:2      | Noticed Natasha
   914 | D:2      | Killed Natasha
   918 | D:2      | Found Cuawal's Distillery.
   926 | D:2      | 926 ||| BUYING potion of curing (39 gold).
   926 | D:2      | Bought a potion of curing for 39 gold pieces
   926 | D:2      | 926 ||| SHOPLISTING potion of curing (39 gold, have 27).
   926 | D:2      | 926 ||| SHOPLISTING potion of heal wounds (65 gold, have
                  | 27).
   926 | D:2      | 926 ||| SHOPLISTING potion of might (52 gold, have 27).
   926 | D:2      | 926 ||| SHOPLISTING potion of mutation (104 gold, have 27).
   961 | D:2      | Reached XP level 5. HP: 31/32 MP: 5/5
   969 | D:2      | 969 ||| DROPPING +2 sling of electrocution.
  1011 | D:2      | Noticed Natasha
  1013 | D:2      | Killed Natasha
  1072 | D:2      | Found a runed translucent door.
  1073 | D:2      | Noticed Crazy Yiuf
  1136 | D:2      | Found Poss's General Store.
  1145 | D:2      | 1145 ||| SHOPLISTING potion of cancellation (112 gold, have
                  | 29).
  1194 | D:2      | Reached skill level 6 in Ranged Weapons
  1321 | D:2      | Found Volyuluq's Magic Scroll Shop.
  1328 | D:2      | 1328 ||| SHOPLISTING scroll of enchant armour (97 gold,
                  | have 29).
  1328 | D:2      | 1328 ||| BUYING scroll of identify (26 gold).
  1328 | D:2      | Bought a scroll of identify for 26 gold pieces
  1328 | D:2      | 1328 ||| SHOPLISTING scroll of identify (26 gold, have 3).
  1328 | D:2      | 1328 ||| SHOPLISTING scroll of teleportation (39 gold, have
                  | 3).
  1569 | D:2      | 1569 ||| UPGRADING to +0 ring mail.
  1579 | D:2      | 1579 ||| DROPPING +0 leather armour.
  1580 | D:2      | 1580 ||| UPGRADING to +1 cloak.
  1585 | D:2      | 1585 ||| UPGRADING to +6 ring of strength.
  1586 | D:2      | 1586 ||| READING scroll labelled MAYJOI GUDUO.
  1587 | D:2      | 1587 ||| READING scroll labelled KYAKISOTIF.
  1751 | D:3      | Found a faded altar of an unknown god.
  2121 | D:3      | Found a white marble altar of Elyvilon.
  2194 | D:3      | 2194 ||| READING scroll labelled FAHIYDGHO LIPLI.
  2295 | D:3      | 2295 ||| READING scroll labelled SOISCH NOERUOJ.
  2346 | D:4      | Found a glowing drain.
  2347 | D:4      | 2347 ||| PLANNING SEWER
  2359 | D:4      | Reached skill level 1 in Armour
  2362 | D:4      | Noticed an ice beast
  2369 | D:4      | Killed an ice beast
  2370 | D:4      | Reached XP level 6. HP: 40/40 MP: 6/6
  2375 | Sewer    | Entered a sewer
  2389 | Sewer    | 2389 ||| Stepping ~*~*~tactically~*~*~ (water).
  2458 | Sewer    | 2458 ||| Stepping ~*~*~tactically~*~*~ (water).
  2463 | Sewer    | 2463 ||| Stepping ~*~*~tactically~*~*~ (water).
  2522 | Sewer    | 2522 ||| Stepping ~*~*~tactically~*~*~ (water).
  2524 | Sewer    | 2524 ||| Stepping ~*~*~tactically~*~*~ (water).
  2526 | Sewer    | 2526 ||| Stepping ~*~*~tactically~*~*~ (water).
  2595 | Sewer    | 2595 ||| Stepping ~*~*~tactically~*~*~ (water).
  2641 | Sewer    | Reached skill level 7 in Ranged Weapons
  2641 | Sewer    | Reached XP level 7. HP: 44/44 MP: 7/7
  2695 | Sewer    | 2695 ||| READING scroll labelled GOARO YMOIMUA.
  2696 | Sewer    | 2696 ||| READING scroll labelled HILOABB VEYVEMN.
  2697 | Sewer    | 2697 ||| READING 4 scrolls of identify.
  2697 | Sewer    | 2697 ||| IDENTIFYING blue potion
  2698 | Sewer    | 2698 ||| READING 3 scrolls of identify.
  2698 | Sewer    | 2698 ||| IDENTIFYING golden potion
  2699 | Sewer    | 2699 ||| DROPPING potion of brilliance.
  2738 | D:4      | 2738 ||| PLANNING D:1-11
  2751 | D:4      | You fall into a shaft and drop 1 floor!
  2751 | D:5      | Entered Level 5 of the Dungeon
  2940 | D:5      | Reached skill level 8 in Ranged Weapons
  2959 | D:5      | 2959 ||| FLEEEEING.
  2960 | D:5      | 2960 ||| FLEEEEING.
  2961 | D:5      | 2961 ||| FLEEEEING.
  2962 | D:5      | 2962 ||| FLEEEEING.
  2963 | D:5      | 2963 ||| FLEEEEING.
  2964 | D:5      | 2964 ||| STAIRDANCE
  2986 | D:4      | Found an ancient bone altar of Kikubaaqudgha.
  3091 | D:4      | Reached XP level 8. HP: 49/49 MP: 8/8
  3251 | D:4      | Found a sacrificial altar of Ru.
  3650 | D:4      | 3650 ||| UPGRADING to +2 pair of gloves.
  3655 | D:4      | 3655 ||| READING scroll labelled PIWOOWY NUILI.
  3655 | D:4      | Identified a scroll of acquirement
  3655 | D:4      | 3655 ||| ACQUIRING ring of the Death Scarab {rCorr EV+5
                  | Str+3 Slay+2}
  3655 | D:4      | Acquired the ring of the Death Scarab {rCorr EV+5 Str+3
                  | Slay+2}
  3657 | D:4      | 3657 ||| UPGRADING to ring of the Death Scarab {rCorr EV+5
                  | Str+3 Slay+2}.
  3658 | D:4      | 3658 ||| DRINKING 2 bubbling dark potions.
  3659 | D:4      | 3659 ||| DRINKING 2 purple potions.
  3659 | D:4      | Reached skill level 14 in Ranged Weapons
  3659 | D:4      | Reached XP level 9. HP: 54/54 MP: 9/9
  3660 | D:4      | 3660 ||| DRINKING potion of experience.
  3660 | D:4      | Reached XP level 10. HP: 70/70 MP: 10/10
  3661 | D:4      | 3661 ||| DROPPING potion of attraction.
  3728 | D:5      | Found an opulent altar of Gozag.
  3728 | D:5      | Found a basalt altar of Yredelemnul.
  3771 | D:5      | Found a shimmering altar of Xom.
  3779 | D:5      | 3779 ||| READING scroll labelled GIR LOIREYGGOX.
  3842 | D:5      | Found a stormy altar of Qazlal.
  4059 | D:5      | 4059 ||| UPGRADING to ring of see invisible.
  4061 | D:5      | 4061 ||| READING 3 scrolls of identify.
  4061 | D:5      | 4061 ||| IDENTIFYING sedimented dark potion
  4062 | D:5      | 4062 ||| DROPPING potion of lignification.
  4122 | D:6      | Reached skill level 3 in Armour
  4164 | D:6      | Found an iron altar of Okawaru.
  4165 | D:6      | 4165 ||| PLANNING OKAWARU WORSHIP
  4165 | D:6      | 4165 ||| READING 3 scrolls of identify.
  4165 | D:6      | 4165 ||| IDENTIFYING viscous inky potion
  4166 | D:6      | 4166 ||| DROPPING potion of degeneration.
  4174 | D:6      | Became a worshipper of Warmaster Okawaru
  4175 | D:6      | 4175 ||| PLANNING D:1-11
  4327 | D:6      | Found a staircase to the Ecumenical Temple.
  4331 | D:6      | Found a bloodstained altar of Trog.
  4331 | D:6      | Noticed Maggie
  4348 | D:6      | Killed Maggie
  4417 | D:6      | Reached skill level 3 in Dodging
  4560 | D:6      | Found Daegob's Weapon Shop.
  4723 | D:6      | Found a hazy altar of Hepliaklqana.
  4786 | D:6      | 4786 ||| DROPPING +1 pair of gloves.
  4787 | D:6      | 4787 ||| UPGRADING to +0 acid dragon scales.
  4797 | D:6      | 4797 ||| DROPPING +0 ring mail.
  4798 | D:6      | 4798 ||| READING scroll labelled YBIUCZAEFAK.
  4833 | D:7      | Noticed Menkaure
  4841 | D:7      | Killed Menkaure
  4960 | D:7      | Noticed Prince Ribbit
  4967 | D:7      | Killed Prince Ribbit
  4967 | D:7      | Reached * piety under Okawaru
  4977 | D:7      | Found an ornate altar of the Wu Jian Council.
  5000 | D:7      | 5000 ||| INVOKING Heroism.
  5104 | D:7      | Noticed Joseph
  5117 | D:7      | Killed Joseph
  5118 | D:7      | Reached skill level 1 in Invocations
  5331 | D:7      | 5331 ||| UPGRADING to +0 steam dragon scales.
  5341 | D:7      | 5341 ||| UPGRADING to +2 ring mail of cold resistance.
  5351 | D:7      | 5351 ||| DROPPING +0 steam dragon scales.
  5352 | D:7      | 5352 ||| UPGRADING to +0 helmet.
  5484 | D:8      | 5484 ||| RETREEAATING.
  5486 | D:8      | 5486 ||| Stepping ~*~*~tactically~*~*~ (retreating).
  5487 | D:8      | 5487 ||| Stepping ~*~*~tactically~*~*~ (retreating).
  5488 | D:8      | 5488 ||| Stepping ~*~*~tactically~*~*~ (retreating).
  5501 | D:8      | 5501 ||| INVOKING Heroism.
  5512 | D:8      | 5512 ||| Stepping ~*~*~tactically~*~*~ (retreating).
  5516 | D:8      | Reached skill level 3 in Invocations
  5519 | D:8      | Reached ** piety under Okawaru
  5528 | D:8      | 5528 ||| INVOKING Heroism.
  5530 | D:8      | Reached XP level 11. HP: 74/74 MP: 9/13
  5566 | D:8      | Found a staircase to the Lair.
  5572 | D:8      | 5572 ||| READING scroll of enchant armour.
  5572 | D:8      | 5572 ||| ENCHANTING +0 helmet.
  5609 | D:8      | 5609 ||| READING scroll of enchant armour.
  5609 | D:8      | 5609 ||| ENCHANTING +1 helmet.
  5863 | D:8      | 5863 ||| INVOKING Heroism.
  5990 | D:8      | 5990 ||| INVOKING Heroism.
  6047 | D:8      | 6047 ||| INVOKING Heroism.
  6496 | D:8      | 6496 ||| PLANNING LAIR
  6496 | D:8      | 6496 ||| READING 4 scrolls of identify.
  6496 | D:8      | 6496 ||| IDENTIFYING fuming white potion
  6566 | Lair:1   | Entered Level 1 of the Lair of Beasts
  6566 | Lair:1   | Noticed Grum
  6566 | Lair:1   | Found a runed translucent gate.
  6566 | Lair:1   | Found a runed translucent gate.
  6566 | Lair:1   | Found a runed translucent gate.
  6567 | Lair:1   | 6567 ||| INVOKING Heroism.
  6568 | Lair:1   | 6568 ||| STAIRDANCE
  6581 | Lair:1   | Noticed a boulder beetle
  6582 | Lair:1   | 6582 ||| Stepping ~*~*~tactically~*~*~ (retreating).
  6585 | Lair:1   | Killed Grum
  6586 | Lair:1   | Reached skill level 6 in Armour
  6593 | Lair:1   | 6593 ||| INVOKING Heroism.
  6600 | Lair:1   | Noticed a death yak
  6601 | Lair:1   | Noticed a death yak
  6608 | Lair:1   | Noticed a death yak
  6620 | Lair:1   | 6620 ||| INVOKING Heroism.
  6624 | Lair:1   | HP: 15/74 [death yak (5)]
  6625 | Lair:1   | 6625 ||| READING 4 scrolls of teleportation.
  6626 | Lair:1   | 6626 ||| DRINKING 4 potions of heal wounds.
  6653 | Lair:1   | 6653 ||| RETREEAATING.
  6654 | Lair:1   | 6654 ||| STILL RETREEAATING.
  6655 | Lair:1   | 6655 ||| Stepping ~*~*~tactically~*~*~ (retreating).
  6656 | Lair:1   | 6656 ||| Stepping ~*~*~tactically~*~*~ (retreating).
  6657 | Lair:1   | 6657 ||| Stepping ~*~*~tactically~*~*~ (retreating).
  6658 | Lair:1   | 6658 ||| Stepping ~*~*~tactically~*~*~ (retreating).
  6659 | Lair:1   | 6659 ||| INVOKING Heroism.
  6660 | Lair:1   | 6660 ||| Stepping ~*~*~tactically~*~*~ (retreating).
  6661 | Lair:1   | 6661 ||| Stepping ~*~*~tactically~*~*~ (retreating).
  6662 | Lair:1   | 6662 ||| Stepping ~*~*~tactically~*~*~ (retreating).
  6663 | Lair:1   | 6663 ||| Stepping ~*~*~tactically~*~*~ (retreating).
  6664 | Lair:1   | 6664 ||| Stepping ~*~*~tactically~*~*~ (retreating).
  6667 | Lair:1   | 6667 ||| Stepping ~*~*~tactically~*~*~ (retreating).
  6668 | Lair:1   | 6668 ||| Stepping ~*~*~tactically~*~*~ (retreating).
  6669 | Lair:1   | 6669 ||| Stepping ~*~*~tactically~*~*~ (retreating).
  6675 | Lair:1   | 6675 ||| INVOKING Heroism.
  6676 | Lair:1   | Killed a death yak
  6678 | Lair:1   | HP: 14/74 [black mamba (11)]
  6679 | Lair:1   | 6679 ||| READING 3 scrolls of teleportation.
  6680 | Lair:1   | 6680 ||| DRINKING 3 potions of heal wounds.
  6701 | Lair:1   | 6701 ||| INVOKING Heroism.
  6720 | Lair:1   | 6720 ||| INVOKING Heroism.
  6724 | Lair:1   | HP: 18/74 [black mamba (4)]
  6725 | Lair:1   | 6725 ||| READING 2 scrolls of teleportation.
  6810 | Lair:1   | 6810 ||| INVOKING Heroism.
  6816 | Lair:1   | 6816 ||| RETREEAATING.
  6827 | Lair:1   | HP: 6/75 [komodo dragon (15)]
  6828 | Lair:1   | 6828 ||| READING scroll of teleportation.
  6829 | Lair:1   | 6829 ||| DRINKING 2 potions of heal wounds.
  6997 | Lair:1   | 6997 ||| RETREEAATING.
  6998 | Lair:1   | 6998 ||| STILL RETREEAATING.
  6999 | Lair:1   | 6999 ||| STILL RETREEAATING.
  7003 | Lair:1   | 7003 ||| STILL RETREEAATING.
  7004 | Lair:1   | 7004 ||| STILL RETREEAATING.
  7005 | Lair:1   | 7005 ||| STILL RETREEAATING.
  7006 | Lair:1   | 7006 ||| STILL RETREEAATING.
  7007 | Lair:1   | 7007 ||| STILL RETREEAATING.
  7009 | Lair:1   | 7009 ||| Stepping ~*~*~tactically~*~*~ (retreating).
  7013 | Lair:1   | 7013 ||| Stepping ~*~*~tactically~*~*~ (retreating).
  7014 | Lair:1   | 7014 ||| Stepping ~*~*~tactically~*~*~ (retreating).
  7015 | Lair:1   | 7015 ||| INVOKING Heroism.
  7029 | Lair:1   | Killed a death yak
  7030 | Lair:1   | Reached skill level 12 in Fighting
  7049 | Lair:1   | 7049 ||| INVOKING Heroism.
  7062 | Lair:1   | Killed a death yak
  7063 | Lair:1   | HP: 15/76 [boulder beetle (16)]
  7064 | Lair:1   | 7064 ||| DRINKING potion of heal wounds.
  7067 | Lair:1   | 7067 ||| RETREEAATING.
  7072 | Lair:1   | 7072 ||| INVOKING Heroism.
  7077 | Lair:1   | HP: 16/76 [boulder beetle (9)]
  7078 | Lair:1   | HP: 3/76 [boulder beetle (13)]
  7086 | Lair:1   | HP: 3/76 [boulder beetle (2)]
  7090 | Lair:1   | Slain by a boulder beetle

Levels and vault maps discovered:
D:1:      psy_arrival_spokes, layout_basic, minmay_pentomino_q4
D:2:      layout_loops_ring, serial_shops, shop, shop,
          nicolae_shop_rolling_square, nicolae_shop_getting_attention,
          uniq_natasha, uniq_crazy_yiuf_cottage
D:3:      layout_rooms, mainiacjoe_overflow_alcove_4,
          dreamdust_ecumenical_altar_sealed_demon, serial_corexii_hall,
          corexii_hall_statues_l, corexii_hall_statues_i
D:4:      layout_loops_cross, nicolae_ru_great_annihilating_truth,
          kiku_gazebo_garden_becter, cheibrodos_sewer_entry_drain
D:5:      layout_cave_pools, nicolae_qazlal_general_emergency,
          amcnicky_altar_gilded, jmf_multi_god_temple
D:6:      layout_basic, overflow_temple_1_default, mainiacjoe_overflow_alcove_1,
          lemuel_crystal_altar, minmay_temple_entry_glassed_door, serial_curves,
          eino_curves_04, eino_curves_01, serial_shops, nicolae_lakefront_shop,
          uniq_maggie
D:7:      layout_basic, nicolae_wu_jian_wuxing_cycle, uniq_menkaure,
          uniq_joseph, uniq_prince_ribbit1
D:8:      layout_loops_corners, hellmonk_lair_entry_icy, lemuel_flame_loot_1
Lair:1:   layout_misc_corridors, ebering_ghost_rock_garden, basic_altar,
          uniq_grum

Skill      XL: |  1  2  3  4  5  6  7  8  9 10 11 |
---------------+----------------------------------+-----
Ranged Weapons | 5 6 7 8 14 | 14.8
Fighting       | 3 4 5 11 12 | 12.0
Armour         | 1 2 4 7 |  7.0
Dodging        | 2 4 5 |  5.0
Invocations    | 3 4 |  4.0
Stealth        | |  1.1

Action                     |  1- 3 |  4- 6 |  7- 9 | 10-12 || total
---------------------------+-------+-------+-------+-------++-------
   Fire: Shortbow          |    89 |   169 |   114 |   461 ||   833
 Invoke: Heroism           |       |       |       |    17 ||    17
    Use: Scroll            |     4 |     5 |     5 |    11 ||    25
         Potion            |     1 |     1 |     3 |     4 ||     9
 Armour: Leather armour    |    26 |    26 |       |       ||    52
         Ring mail         |       |    19 |    36 |   133 ||   188
         Acid dragon scale |       |       |       |     2 ||     2
  Dodge: Dodged            |    26 |    40 |    30 |   201 ||   297

Table legend:
 A = Non-vault XP
 B = Vault XP
 C = Vault XP percentage of total XP
 D = Non-vault monster count
 E = Vault monster count
 F = Vault count percentage of total count
                 A         B        C        D         E       F
            +---------+---------+-------+---------+---------+-------
      Total |    8945 |    3766 |  29.6 |     143 |      44 |  23.5
            +---------+---------+-------+---------+---------+-------
        D:1 |      34 |       4 |  10.5 |      19 |       2 |   9.5
        D:2 |     167 |      36 |  17.7 |      25 |       1 |   3.8
        D:3 |      15 |       0 |   0.0 |       6 |       0 |   0.0
        D:4 |     390 |      67 |  14.7 |      22 |       7 |  24.1
        D:5 |     585 |      74 |  11.2 |      13 |       2 |  13.3
        D:6 |     315 |     385 |  55.0 |       5 |       1 |  16.7
        D:7 |     591 |     956 |  61.8 |       8 |       3 |  27.3
        D:8 |    1882 |    1475 |  43.9 |      31 |       7 |  18.4
     Lair:1 |    4966 |     424 |   7.9 |      14 |       3 |  17.6
      Sewer |       0 |     345 | 100.0 |       0 |      18 | 100.0
            +---------+---------+-------+---------+---------+-------
